 Dungeon Crawl Stone Soup version 0.21.0-3-g78d12a8 (webtiles) character file.

3514 Faca the Basher (level 10, -10/63 HPs)
             Began as a Gargoyle Fighter on Jan 10, 2018.
             Was an Elder of Okawaru.
             Mangled by an orc warlord
             ... wielding a +0 halberd of chopping
              (21 damage)
             ... in a bailey.
             The game lasted 00:14:27 (7404 turns).

Faca the Basher (Gargoyle Fighter)                  Turns: 7404, Time: 00:14:27

Health: -10/63     AC: 21    Str: 20    XL:     10   Next: 8%
Magic:  0/10       EV:  6    Int: 14    God:    Okawaru [****..]
Gold:   528        SH: 12    Dex: 13    Spells: 9/9 levels left

rFire    . . .     SeeInvis .   m - +2 flail (venom)
rCold    + . .     Gourm    .   c - +1 shield
rNeg     + . .     Faith    .   v - +0 chain mail
rPois    ∞         Spirit   +   (no helmet)
rElec    +         Reflect  .   n - +0 cloak
rCorr    .         Harm     .   (no gloves)
MR       +....                  u - +1 pair of boots
Stlth    ..........             s - amulet of guardian spirit
HPRegen  0.20/turn              r - ring "Veecriom" {rC+ Int+4 Dex+2 Stlth+}
MPRegen  0.12/turn              b - ring of protection from magic

@: no status effects
A: negative energy resistance 1, electricity resistance, unbreathing,
petrification resistance, rot immunity, AC +7
a: Heroism, Renounce Religion


You were in a bailey.
You worshipped Okawaru.
Okawaru was greatly pleased with you.
You were not hungry.

You visited 2 branches of the dungeon, and saw 9 of its levels.
You also visited: Bailey.

You collected 528 gold pieces.

Inventory:

Hand Weapons
 m - a +2 flail of venom (weapon)
Armour
 c - a +1 shield (worn)
 n - a +0 cloak (worn)
 u - a +1 pair of boots (worn)
 v - a +0 chain mail (worn)
 x - a +0 plate armour
Jewellery
 b - a ring of protection from magic (right hand)
 o - an uncursed ring of protection from cold
 r - the ring "Veecriom" (left hand) {rC+ Int+4 Dex+2 Stlth+}
   (You acquired it on level 9 of the Dungeon)

   [ring of stealth]

   It affects your intelligence (+4).
   It affects your dexterity (+2).
   It protects you from cold.
   It makes you more stealthy.
 s - an amulet of guardian spirit (around neck)
 y - an uncursed ring of positive energy
Wands
 t - a wand of digging (6)
Scrolls
 a - a scroll of remove curse
 h - 2 scrolls of enchant weapon
 i - 5 scrolls of teleportation
Potions
 d - 2 potions of might
 e - 2 potions of flight
 g - 3 potions of lignification
 j - 5 potions of curing
 k - 2 potions of cancellation
 l - a potion of experience {unknown}
 p - a potion of magic
 q - 2 potions of berserk rage
 w - a potion of invisibility {unknown}
Comestibles
 f - 13 rations


   Skills:
 + Level 7.6 Fighting
 * Level 9.2 Maces & Flails
 + Level 7.7 Armour
 + Level 7.6 Shields


You had 9 spell levels left.
You didn't know any spells.

Dungeon Overview and Level Annotations

Branches:
Dungeon (9/15)             Temple (1/1) D:4
   Lair: D:8-11         Orc: D:9-12

Altars:
Ashenzari
Dithmenos
Elyvilon
Fedhas
Gozag
Kikubaaqudgha
Makhleb
Nemelex Xobeh
Okawaru
Qazlal
Ru
Sif Muna
Trog
Uskayaw
Vehumet
Xom
Yredelemnul
Zin
The Shining One

Annotations:
D:5 2 transporters


Innate Abilities, Weirdness & Mutations

You are resistant to torment.
Your stone body is resilient. (AC +7)
You are immune to poison.
You resist negative energy. (rN+)
You are resistant to electric shocks. (rElec)
You can survive without breathing.
You are immune to petrification.
You are immune to rotting.


Message History

Okawaru accepts your kill.
The orc warlord hits you but does no damage.
You hit the orc warlord.
The orc warlord looks as sick as possible!
The orc warlord is moderately wounded.
You sock the orc warlord!
The orc warlord looks as sick as possible!
The orc warlord is moderately wounded.
The orc warlord hits you but does no damage.
You block the hobgoblin's attack.
You hit the orc warlord but do no damage.
The orc warlord is moderately wounded.
The orc warlord hits you with a halberd of chopping!!
* * * LOW HITPOINT WARNING * * *
The hobgoblin hits you but does no damage.
You hit the orc warlord but do no damage.
The orc warlord looks as sick as possible!
The orc warlord is moderately wounded.
The orc warlord hits you with a halberd of chopping!!
You die...

#...........#..... ..8
#...........'..... ..
#.....⌠..).)'..∩.∩ ..
#........).))).... .
#.....)....)#..... .
### ###....))...##.....
###.###
###.###..)).###♣.....
#.....###
###.....#'#.### ♣♣♣...
........###....o@g).###
♣♣♣♣
...o.g.).#...........#
.......).#...........#
...⌠)....#.....⌠.....#
....).))))...........#
.......).#...........#
........###.........##
#.....### ###.....###
###.### ###.###


You could see an orc warlord and a hobgoblin.

Vanquished Creatures
  The ghost of Morgoth the Spear-Bearer, a novice HuFi of Makhleb (D:7)
  A hungry ghost (D:9)
  2 sky beasts
  8 orc warriors
  An ice beast (D:3)
  A phantom (D:5)
  5 ogres
  A wyvern zombie (D:9)
  2 bullfrogs
  4 scorpions
  A howler monkey (D:6)
  The ghost of zxpr0jk the Chiller, a weakling DrIE (D:3)
  2 electric eels (D:9)
  2 crimson imps (D:7)
  A hound (D:7)
  A jelly (D:5)
  An orc priest (D:9)
  2 iguanas
  3 orc wizards
  5 worker ants
  A hound zombie (D:7)
  14 gnolls
  A howler monkey skeleton (D:9)
  8 adders
  A shadow imp (D:6)
  2 oozes (D:3)
  3 adder zombies (D:7)
  2 worms (D:2)
  A dart slug (D:2)
  7 leopard geckos
  19 orcs
  4 bats
  A giant cockroach (D:2)
  18 goblins
  12 hobgoblins
  3 kobolds
  A quokka (D:2)
  4 frilled lizards
  2 jackal skeletons
  4 rats
153 creatures vanquished.

Notes
Turn   | Place    | Note
-------+----------+-------------------------------------------
     0 | D:1      | Faca the Gargoyle Fighter began the quest for the Orb.
     0 | D:1      | Reached XP level 1. HP: 14/14 MP: 1/1
   263 | D:1      | Reached XP level 2. HP: 18/19 MP: 2/2
   773 | D:2      | Reached XP level 3. HP: 23/23 MP: 3/3
   933 | D:2      | Found a faded altar of an unknown god.
   933 | D:2      | Found a sacrificial altar of Ru.
   943 | D:2      | Found a radiant altar of Vehumet.
   945 | D:2      | Found a shadowy altar of Dithmenos.
   946 | D:2      | Found a shimmering altar of Xom.
  1008 | D:2      | Noticed a sky beast
  1012 | D:2      | Reached skill level 3 in Maces & Flails
  1039 | D:2      | Killed a sky beast
  1039 | D:2      | Reached XP level 4. HP: 17/29 MP: 4/4
  1039 | D:2      | Reached XP level 5. HP: 19/33 MP: 5/5
  1161 | D:2      | Found a glowing silver altar of Zin.
  1161 | D:2      | Found a glowing golden altar of the Shining One.
  1161 | D:2      | Found a white marble altar of Elyvilon.
  1282 | D:3      | Noticed zxpr0jk's ghost (weakling DrIE)
  2276 | D:3      | Noticed an ice beast
  2298 | D:3      | Killed an ice beast
  2298 | D:3      | Reached skill level 4 in Maces & Flails
  2298 | D:3      | Reached XP level 6. HP: 39/39 MP: 6/6
  2527 | D:3      | Killed zxpr0jk's ghost
  3438 | D:4      | Reached XP level 7. HP: 34/44 MP: 7/7
  3599 | D:4      | Found a staircase to the Ecumenical Temple.
  3667 | Temple   | Entered the Ecumenical Temple
  3718 | Temple   | Became a worshipper of Warmaster Okawaru
  4078 | D:5      | Entered Level 5 of the Dungeon
  4087 | D:5      | Reached skill level 5 in Maces & Flails
  4200 | D:5      | Reached skill level 5 in Fighting
  4200 | D:5      | Reached skill level 5 in Armour
  4200 | D:5      | Reached skill level 5 in Shields
  4434 | D:5      | Noticed a hungry ghost
  4435 | D:5      | Found a bloodstained altar of Trog.
  4435 | D:5      | Found a transporter.
  4452 | D:5      | Found a transporter.
  4596 | D:5      | Reached XP level 8. HP: 27/49 MP: 3/8
  4751 | D:5      | Reached * piety under Okawaru
  4790 | D:5      | Reached skill level 6 in Maces & Flails
  5354 | D:6      | Reached ** piety under Okawaru
  5370 | D:6      | Reached skill level 7 in Maces & Flails
  5415 | D:6      | Found an opulent altar of Gozag.
  6048 | D:6      | Found a blossoming altar of Fedhas.
  6220 | D:7      | Noticed Morgoth's ghost (novice HuFi)
  6243 | D:7      | Killed Morgoth's ghost
  6243 | D:7      | Reached XP level 9. HP: 33/56 MP: 4/9
  6561 | D:7      | Reached skill level 8 in Maces & Flails
  6629 | D:7      | You fall through a shaft for 2 floors!
  6642 | D:9      | Reached *** piety under Okawaru
  6689 | D:9      | Identified a scroll of acquirement
  6690 | D:9      | Got a coiled pewter ring
  6749 | D:9      | Identified the ring "Veecriom" {rC+ Int+4 Dex+2 Stlth+} (You acquired it on level 9 of the Dungeon)
  6899 | D:9      | Found a flagged portal.
  6932 | Bailey   | Entered a bailey
  7337 | Bailey   | Reached skill level 9 in Maces & Flails
  7348 | Bailey   | Reached XP level 10. HP: 62/63 MP: 10/10
  7350 | Bailey   | Reached **** piety under Okawaru
  7365 | Bailey   | Noticed an orc warlord
  7404 | Bailey   | Mangled by an orc warlord

Skill      XL: |  1  2  3  4  5  6  7  8  9 |
---------------+----------------------------+-----
Maces & Flails | 3 4 5 7 9 |  9.2
Fighting       | 4 5 6 7 |  7.6
Armour         | 4 5 6 7 |  7.7
Shields        | 4 5 6 7 |  7.6

Action                   |  1- 3 |  4- 6 |  7- 9 | 10-12 || total
-------------------------+-------+-------+-------+-------++-------
Melee: Flail             |   115 |   184 |   370 |    17 ||   686
  Use: Scroll            |     3 |     4 |     5 |       ||    12
  Eat: Ration            |       |     3 |     1 |       ||     4
       Chunk             |       |     1 |     8 |       ||     9
Armor: Scale mail        |    73 |    92 |    41 |       ||   206
       Chain mail        |       |       |   110 |     8 ||   118
Dodge: Dodged            |    37 |    46 |    69 |     1 ||   153
Block: Shield            |    54 |   112 |   190 |     8 ||   364
